 Dungeon Crawl Stone Soup version 0.31-a0-256-g80acddb972 (webtiles) character file.

Game seed: 2636460308630046215

859 qw the Shooter (level 8, -7/48 HPs)
             Began as a Gargoyle Hexslinger on July 12, 2023.
             Was a Follower of Okawaru.
             Mangled by an iguana (8 damage)
             ... on level 5 of the Dungeon.
             The game lasted 00:01:42 (4168 turns).

qw the Shooter (Gargoyle Hexslinger)                Turns: 4168, Time: 00:01:42

Health: -7/48      AC: 11    Str: 13    XL:     8   Next: 2%
Magic:  8/10       EV: 10    Int: 13    God:    Okawaru [*.....]
Gold:   271        SH:  0    Dex: 14    Spells: 8/9 levels left

rFire   . . .        l - +1 sling (heavy)
rCold   . . .        (no shield)
rNeg    + . .        k - +0 ring mail
rPois   inf          (no helmet)
rElec   +            (no cloak)
rCorr   .            (no gloves)
SInv    .            e - +0 pair of boots
Will    .....        d - amulet of faith
Stlth   +            (no ring)
HPRegen 0.28/turn    (no ring)
MPRegen 0.12/turn

%: faith
@: about to teleport
A: sickness immunity, AC +5, negative energy resistance 1, electricity
resistance, torment resistance 1, petrification resistance
a: Renounce Religion, Heroism


You were on level 5 of the Dungeon.
You worshipped Okawaru.
Okawaru was aware of your devotion.
You visited 2 branches of the dungeon, and saw 6 of its levels.

You collected 271 gold pieces.


Innate Abilities, Weirdness & Mutations

You are immune to sickness and miasma.
Your stone body is resilient. (AC +5)
You are immune to poison.
You resist negative energy. (rN+)
You are resistant to electric shocks. (rElec)
You are resistant to unholy torment.
You are immune to petrification.


   Skills:
 - Level 4.1 Fighting
 + Level 7.1 Ranged Weapons
 - Level 1.0 Armour
 - Level 1.5 Dodging
 - Level 1.0 Spellcasting
 - Level 2.6 Hexes
 + Level 3.7 Invocations


You had 8 spell levels left.
You knew the following spells:

 Your Spells              Type           Power      Damage    Failure   Level
a - Slow                  Hex            28%        N/A       21%         1

Your spell library contained the following spells:

 Spells                   Type           Power      Damage    Failure   Level
 Inner Flame              Hex/Fire       4%         N/A       71%         3
 Portal Projectile        Hex/Tloc       8%         N/A       71%         3
 Cause Fear               Hex            3%         N/A       89%         4

Inventory:

Hand Weapons
 l - a +1 heavy sling (weapon)
Armour
 e - a +0 pair of boots (worn)
 k - a +0 ring mail (worn)
Jewellery
 a - an amulet of reflection
 d - an amulet of faith (around neck)
Scrolls
 f - a scroll of noise {unknown}
 q - 2 scrolls of identify
Potions
 b - a potion of enlightenment
 g - a potion of might
 h - a potion of heal wounds {unknown}

Dungeon Overview and Level Annotations

Branches:
Dungeon (5/15)             Temple (1/1) D:4

Altars:
Ashenzari
Cheibriados
Dithmenos
Elyvilon
Gozag
Hepliaklqana
Kikubaaqudgha
Nemelex Xobeh
Okawaru
Qazlal
Ru
Trog
Uskayaw
Vehumet
Xom
Yredelemnul
Zin


Message History

The adder completely misses you. The iguana closely misses you.
You shoot a sling bullet.
The sling bullet barely misses the adder.
The sling bullet hits the black bear!
The black bear is moderately wounded.
The adder bites you. The iguana barely misses you.
The adder bites you but does no damage.
You shoot a sling bullet. The sling bullet hits the adder.
You kill the adder!
Okawaru accepts your kill. The iguana barely misses you.
You shoot a sling bullet. The sling bullet hits the black bear!
The black bear is severely wounded.
The black bear goes berserk!
The iguana closely misses you. The iguana barely misses you.
The black bear bites you. The black bear closely misses you.
The black bear completely misses you.
You shoot a sling bullet. The sling bullet hits the black bear.
The black bear is almost dead.
The black bear barely misses you.
The black bear claws you but does no damage.
The black bear misses you. The iguana completely misses you.
You shoot a sling bullet.
The sling bullet hits the black bear but does no damage.
The black bear is almost dead.
You feel like a meek peon again.
The sentinel's mark upon you fades away.
The black bear bites you but does no damage.
The black bear misses you. The black bear claws you.
The black bear barely misses you.
The black bear claws you but does no damage.
The black bear barely misses you.
The iguana hisses menacingly.
The iguana bites you.
4168 ||| READING scroll of teleportation.
As you read the scroll of teleportation, it crumbles to dust.
You feel strangely unstable. The black bear bites you.
The black bear claws you but does no damage.
The black bear claws you. The iguana bites you!
You die...

#.##.# #####.......#
#.##.# #.......# >....#
#......## #.#####
#......# #.....#
##...### #####.# #...#
...##.## #...#
##.#...######...########
....###.........@h))))..
##..# #..........l.....#
#..# #................#
##.#...####......#######
...##.## #%#....#
#.....# #.#..).# #<#####
#)#....##
#.#########)#.....#
#......#...)).>...#


You could see a black bear (berserk) and an iguana.

Vanquished Creatures
  A water moccasin (D:5)
  An ogre (D:5)
  A phantom (D:4)
  2 scorpions (D:5)
  A vampire bat (D:3)
  A hound (D:5)
  An orc priest (D:5)
  A sleepcap (D:5)
  2 iguanas
  2 orc wizards
  7 adders
  3 worms
  3 fire bats (D:3)
  16 orcs
  2 spectral bats (D:3)
  4 ball pythons
  14 bats
  3 bat skeletons (D:3)
  A bat zombie (D:3)
  5 endoplasms
  A giant cockroach (D:2)
  8 goblins
  7 hobgoblins
  6 jackals
  9 kobolds
  A quokka (D:1)
  A bat simulacrum (D:3)
  4 frilled lizards
  3 rats
111 creatures vanquished.

Notes
Turn   | Place    | Note
-------+----------+-------------------------------------------
     0 | D:1      | qw the Gargoyle Hexslinger began the quest for the Orb.
     0 | D:1      | Reached XP level 1. HP: 12/12 MP: 2/2
     0 | D:1      | 0 ||| qw: Version: 0.3-a-52-g30416fa
     0 | D:1      | 0 ||| qw: Game counter: 6734
     0 | D:1      | 0 ||| qw: Melee chars always use a shield: true
     0 | D:1      | 0 ||| qw: God list: Okawaru
     0 | D:1      | 0 ||| qw: Allow faded altars: false
     0 | D:1      | 0 ||| qw: Do Orc after clearing Dungeon:15 true
     0 | D:1      | 0 ||| qw: Do second Lair branch before Depths: true
     0 | D:1      | 0 ||| qw: Lair rune preference: random
     0 | D:1      | 0 ||| qw: Goals: Normal
     0 | D:1      | 0 ||| PLANNING D:1-11
   110 | D:1      | Reached XP level 2. HP: 16/16 MP: 3/3
   209 | D:1      | Reached skill level 3 in Ranged Weapons
   418 | D:1      | Reached XP level 3. HP: 21/21 MP: 4/4
   696 | D:1      | 696 ||| UPGRADING to +0 ring mail.
   706 | D:1      | 706 ||| DROPPING +0 robe.
   707 | D:1      | 707 ||| DROPPING ring of wizardry.
   708 | D:1      | 708 ||| READING scroll labelled JYREHIDYJER.
   711 | D:1      | 711 ||| READING scroll labelled DUL YSITIC.
   712 | D:1      | 712 ||| READING 2 scrolls labelled IWNOMY LOWK.
   713 | D:1      | 713 ||| READING scroll of brand weapon.
   713 | D:1      | 713 ||| BRANDING +1 sling of flaming.
   714 | D:1      | 714 ||| READING scroll labelled DATWACH ADUICHOC.
   715 | D:1      | 715 ||| DROPPING scroll of poison.
   856 | D:2      | HP: 5/21 [worm (7)]
   857 | D:2      | Reached XP level 4. HP: 6/26 MP: 5/5
   960 | D:2      | Reached skill level 4 in Ranged Weapons
  1402 | D:2      | 1402 ||| UPGRADING to +0 pair of boots.
  1407 | D:2      | 1407 ||| DROPPING scarf of shadows.
  1408 | D:2      | 1408 ||| UPGRADING to amulet of faith.
  1413 | D:2      | 1413 ||| READING scroll labelled AGERUMAGOI.
  1414 | D:2      | 1414 ||| READING scroll labelled WENACW WIUTTEA.
  1415 | D:2      | 1415 ||| READING scroll labelled KODAWAUQEMN.
  1416 | D:2      | 1416 ||| READING scroll labelled OKEOTU IPLATT.
  1417 | D:2      | 1417 ||| READING scroll labelled YLEOSTR VOITH.
  1418 | D:2      | 1418 ||| READING scroll labelled LUESYAMUMOE.
  1419 | D:2      | 1419 ||| DRINKING 2 murky puce potions.
  1453 | D:2      | 1453 ||| DROPPING potion of lignification.
  1485 | D:3      | Reached skill level 1 in Armour
  1670 | D:3      | Found an opulent altar of Gozag.
  1808 | D:3      | Found a radiant altar of Vehumet.
  1965 | D:3      | Found a glowing silver altar of Zin.
  2050 | D:3      | Found a snail-covered altar of Cheibriados.
  2151 | D:3      | HP: 6/26 [skeletal bat (1)]
  2152 | D:3      | 2152 ||| READING 2 scrolls of teleportation.
  2290 | D:3      | Reached XP level 5. HP: 30/30 MP: 6/6
  2354 | D:3      | Reached skill level 5 in Ranged Weapons
  2410 | D:3      | Reached skill level 3 in Fighting
  2577 | D:3      | 2577 ||| READING scroll labelled ORURHI SOOR.
  2578 | D:3      | 2578 ||| READING 4 scrolls of identify.
  2578 | D:3      | 2578 ||| IDENTIFYING lumpy emerald potion
  2579 | D:3      | 2579 ||| READING 3 scrolls of identify.
  2579 | D:3      | 2579 ||| IDENTIFYING puce potion
  2580 | D:3      | 2580 ||| READING 2 scrolls of identify.
  2580 | D:3      | 2580 ||| IDENTIFYING clear potion
  2581 | D:3      | 2581 ||| DROPPING potion of attraction.
  2649 | D:4      | Reached XP level 6. HP: 21/37 MP: 7/7
  3000 | D:4      | Found a staircase to the Ecumenical Temple.
  3001 | D:4      | 3001 ||| PLANNING TEMPLE
  3007 | Temple   | Entered the Ecumenical Temple
  3151 | Temple   | 3151 ||| PLANNING OKAWARU WORSHIP
  3236 | Temple   | Became a worshipper of Warmaster Okawaru
  3237 | Temple   | 3237 ||| PLANNING D:1-11
  3343 | D:4      | 3343 ||| DRINKING potion of curing.
  3343 | D:4      | 3343 ||| (to cure confusion)
  3348 | D:4      | Reached skill level 6 in Ranged Weapons
  3348 | D:4      | HP: 9/37 [something (3)]
  3349 | D:4      | 3349 ||| READING 2 scrolls of teleportation.
  3787 | D:4      | 3787 ||| READING 2 scrolls of identify.
  3787 | D:4      | 3787 ||| IDENTIFYING fuming yellow potion
  3817 | D:5      | Entered Level 5 of the Dungeon
  3821 | D:5      | Reached XP level 7. HP: 43/43 MP: 8/8
  3832 | D:5      | Reached * piety under Okawaru
  3838 | D:5      | Reached skill level 1 in Invocations
  3902 | D:5      | 3902 ||| INVOKING Heroism.
  3936 | D:5      | 3936 ||| INVOKING Heroism.
  4142 | D:5      | 4142 ||| INVOKING Heroism.
  4146 | D:5      | Reached skill level 3 in Invocations
  4156 | D:5      | 4156 ||| INVOKING Heroism.
  4160 | D:5      | Reached skill level 7 in Ranged Weapons
  4160 | D:5      | Reached XP level 8. HP: 24/48 MP: 7/10
  4167 | D:5      | HP: 9/48 [iguana (5)]
  4168 | D:5      | 4168 ||| READING scroll of teleportation.
  4168 | D:5      | HP: 4/48 [black bear (5)]
  4168 | D:5      | HP: 1/48 [black bear (3)]
  4168 | D:5      | Mangled by an iguana

Levels and vault maps discovered:
D:1:      dpeg_arrival_erosion, layout_loops_cross, wad_floor_pattern_1
D:2:      layout_basic, minmay_circle_x
D:3:      layout_loops_ring, nicolae_vehumet_radiance, general_overflow_altar,
          grunt_gozag_breadcrumbs, slow_altar_2, st_stairs_6,
          grunt_decor_one_mirror, kennysheep_nub, goddamned_bats
D:4:      layout_gridville, minmay_temple_entry_gardened_gates
D:5:      layout_loops_cross, mainiacjoe_overflow_alcove_1
Temple:   nicolae_temple_figure_eight

Skill      XL: |  1  2  3  4  5  6  7 |
---------------+----------------------+-----
Ranged Weapons | 3 4 5 6 7 |  7.1
Fighting       | 2 3 4 |  4.1
Armour         | 1 |  1.0
Invocations    | 3 |  3.7
Dodging        | |  1.5
Spellcasting   | |  1.0
Hexes          | |  2.6

Action                     |  1- 3 |  4- 6 |  7- 9 || total
---------------------------+-------+-------+-------++-------
   Fire: Sling             |   111 |   206 |    67 ||   384
 Invoke: Heroism           |       |       |     4 ||     4
    Use: Scroll            |     5 |    13 |     1 ||    19
         Potion            |       |     2 |       ||     2
 Armour: Robe              |    17 |       |       ||    17
         Ring mail         |    19 |   227 |    22 ||   268
  Dodge: Dodged            |    55 |   233 |    47 ||   335

Table legend:
 A = Non-vault XP
 B = Vault XP
 C = Vault XP percentage of total XP
 D = Non-vault monster count
 E = Vault monster count
 F = Vault count percentage of total count
                 A         B        C        D         E       F
            +---------+---------+-------+---------+---------+-------
      Total |    1019 |     209 |  17.0 |      83 |      28 |  25.2
            +---------+---------+-------+---------+---------+-------
        D:1 |      42 |       0 |   0.0 |      24 |       0 |   0.0
        D:2 |      50 |      27 |  35.1 |      13 |       6 |  31.6
        D:3 |      14 |     182 |  92.9 |       8 |      22 |  73.3
        D:4 |     219 |       0 |   0.0 |      18 |       0 |   0.0
        D:5 |     694 |       0 |   0.0 |      20 |       0 |   0.0
            +---------+---------+-------+---------+---------+-------
